 Dungeon Crawl Stone Soup version 0.16.0 (webtiles) character file.

370 Fiveotanaka the Insei (level 6, 0/32 HPs)
             Began as a Vine Stalker Monk on Mar 19, 2015.
             Slain by an orc warrior
             ... wielding a +0 short sword
              (13 damage)
             ... on level 6 of the Dungeon.
             The game lasted 00:07:39 (4098 turns).

Fiveotanaka the Insei (Vine Stalker Monk)           Turns: 4098, Time: 00:07:39

Health: 0/32       AC:  6    Str: 13    XL:     6   Next: 70%
Magic:  0/8        EV: 12    Int: 10    God:
Gold:   107        SH:  0    Dex: 19    Spells: 0 memorised, 5 levels left

rFire  . . .     SeeInvis .       - Unarmed
rCold  . . .     Clarity  .     u - +0 ring mail
rNeg   . . .     SustAb   .     (no shield)
rPois  .         Gourm    .     (no helmet)
rElec  .         Spirit   +     d - +0 cloak (curse)
rCorr  .         Warding  .     (no gloves)
rMut   .         Stasis   .     (no boots)
MR     .....                    (no amulet)
Stlth  ++........               (no ring)
                                (no ring)

@: not resistant to hostile enchantments, unstealthy
A: fangs 2, regeneration 2, magic shield, antimagic bite, no device heal 3, rot
immunity
a: no special abilities


You were on level 6 of the Dungeon.
You were hungry.

You visited 1 branch of the dungeon, and saw 6 of its levels.

You collected 107 gold pieces.

Inventory:

Hand weapons
 x - a +0 blowgun
Missiles
 e - 223 stones (quivered)
 v - 25 poisoned needles
Armour
 a - a +0 robe
 d - a cursed +0 cloak (worn)
 u - a +0 ring mail (worn)
Magical devices
 t - a wand of paralysis (4)
Scrolls
 f - 6 scrolls of identify
 i - a scroll of random uselessness {unknown}
 j - a scroll of teleportation {unknown}
 k - a scroll of remove curse {unknown}
 l - 2 scrolls of fear {unknown}
 m - a scroll of magic mapping {unknown}
 n - 3 scrolls of enchant armour {unknown}
 q - a scroll of recharging {unknown}
 s - a scroll of fog {unknown}
 w - a scroll of amnesia {unknown}
Potions
 g - 2 potions of curing
 o - a potion of agility {unknown}
 p - a potion of beneficial mutation {unknown}
 r - a potion of invisibility {unknown}
Comestibles
 b - 2 bread rations
 c - 3 meat rations
 h - a slice of pizza


   Skills:
 - Level 2.6 Fighting
 - Level 2.4 Dodging
 - Level 2.4 Stealth
 + Level 7.8 Unarmed Combat


You had 5 spell levels left.
You didn't know any spells.

Dungeon Overview and Level Annotations

Branches:
Dungeon (6/15)
 Temple: D:4-7

Altars:
Dithmenos
Kikubaaqudgha
Sif Muna

Annotations:
D:4 Menkaure


Innate Abilities, Weirdness & Mutations

You have extremely sharp teeth.
You heal very quickly.
When hurt, damage is shared between your health and your magic reserves.
Your bite disrupts and absorbs the magic of your enemies.
Potions and wands cannot restore your health.
You are immune to rotting.


Message History

The orc warrior is lightly wounded.
The orc warrior hits you with a short sword!
You barely miss the orc warrior. Your bite misses the orc warrior.
The orc warrior is lightly wounded.
The orc warrior hits you with a short sword!
You hit the orc warrior. Your bite misses the orc warrior.
The orc warrior is moderately wounded.
You barely miss the orc warrior.
The orc warrior is moderately wounded.
The orc warrior jeers repeatedly.
The orc warrior hits you with a short sword.
You closely miss the orc warrior.
You bite the orc warrior, but do no damage.
The orc warrior is moderately wounded.
The orc warrior closely misses you.
You punch the orc warrior!!
You bite the orc warrior, but do no damage.
The orc warrior is almost dead.
The orc warrior hits you with a short sword!
You die...

#.# #.#
#.# #.#
#.# #.#
#.# #.#
#@# ###o#
#..<# ..
#)### #..
#.#
##...###.#
........)#
........o#
.........#


You could see an orc warrior.

Vanquished Creatures
  An ogre (D:4)
  A hound (D:4)
  2 orc priests (D:4)
  9 adders
  2 worms (D:2)
  An ooze (D:2)
  2 giant geckos
  13 orcs
  2 bat skeletons (D:4)
  3 giant cockroaches
  10 hobgoblins
  4 jackals (D:1)
  2 ball pythons (D:2)
  14 bats
  4 giant newts
  9 goblins
  10 kobolds
  2 quokkas
  11 rats
102 creatures vanquished.

Notes
Turn   | Place    | Note
--------------------------------------------------------------
     0 | D:1      | Fiveotanaka, the Vine Stalker Monk, began the quest for the Orb.
     0 | D:1      | Reached XP level 1. HP: 11/11 MP: 1/1
   253 | D:1      | Reached XP level 2. HP: 14/16 MP: 3/3
   474 | D:1      | Reached XP level 3. HP: 16/19 MP: 4/4
   634 | D:1      | Reached skill level 5 in Unarmed Combat
  1016 | D:2      | Reached XP level 4. HP: 23/23 MP: 5/5
  1209 | D:2      | Found a shadowy altar of Dithmenos.
  1219 | D:2      | Found a deep blue altar of Sif Muna.
  1262 | D:2      | Found an ancient bone altar of Kikubaaqudgha.
  1960 | D:3      | Reached skill level 6 in Unarmed Combat
  2131 | D:3      | Reached XP level 5. HP: 27/27 MP: 7/7
  2727 | D:4      | Noticed an ogre
  2733 | D:4      | Killed an ogre
  2733 | D:4      | Reached skill level 7 in Unarmed Combat
  2733 | D:4      | Gained mutation: You heal very quickly. [vine stalker growth]
  2733 | D:4      | Reached XP level 6. HP: 32/32 MP: 8/8
  3261 | D:4      | Noticed Menkaure
  3978 | D:5      | Entered Level 5 of the Dungeon
  3981 | D:5      | Noticed a troll
  4098 | D:6      | Slain by an orc warrior

Action                   |  1- 3 |  4- 6 || total
-------------------------+-------+-------++-------
Melee: Unarmed           |    91 |   154 ||   245
  Use: Scroll            |       |     1 ||     1
 Stab: Sleeping          |     4 |     6 ||    10
       Distracted        |       |     1 ||     1
  Eat: Chunk             |       |     8 ||     8
       Beef jerky        |       |     1 ||     1
